 Dungeon Crawl Stone Soup version 0.22-a0-422-g9628fc8 (webtiles) character file.

124113 Borgoz the Cleaver (level 16, -18/101 HPs)
             Began as a Gargoyle Abyssal Knight on May 19, 2018.
             Was the Champion of Lugonu.
             Blown up by an orb spider (58 damage)
             ... with an orb of destruction
             ... on level 1 of the Spider Nest.
             The game lasted 01:46:57 (41407 turns).

Borgoz the Cleaver (Gargoyle Abyssal Knight)       Turns: 41407, Time: 01:46:57

Health: -18/101    AC: 34    Str: 17    XL:     16   Next: 92%
Magic:  24/24      EV: 17    Int: 14    God:    Lugonu [******]
Gold:   1728       SH:  0    Dex: 14    Spells: 15/15 levels left

rFire    + . .     SeeInvis +   H - +5 war axe (vamp)
rCold    . . .     Gourm    .   (no shield)
rNeg     + . .     Faith    +   y - +5 scale mail {rF+}
rPois    ∞         Spirit   .   l - +2 helmet
rElec    +         Reflect  .   (no cloak)
rCorr    .         Harm     .   (no gloves)
MR       +....                  (no boots)
Stlth    ..........             A - amulet of faith
HPRegen  0.26/turn              t - ring of see invisible
MPRegen  0.19/turn              h - +5 ring of protection

@: no status effects
A: big wings, negative energy resistance 1, electricity resistance, unbreathing,
petrification resistance, rot immunity, AC +12
a: Fly, Depart the Abyss, Bend Space, Banish, Corrupt, Enter the Abyss, Brand
Weapon With Distortion, Renounce Religion


You were on level 1 of the Spider Nest.
You worshipped Lugonu.
Lugonu was exalted by your worship.
You were hungry.

You visited 5 branches of the dungeon, and saw 25 of its levels.
You visited the Abyss 1 time.
You also visited: Volcano.

You collected 2691 gold pieces.
You spent 963 gold pieces at shops.

Inventory:

Hand Weapons
 a - the +0 hand axe of Doom {speed, *Noise rN+ Str+5}
   (You took it off an orc on level 9 of the Dungeon)

   Attacks with this weapon are significantly faster.
   It affects your strength (+5).
   It protects you from negative energy.
   It may make noises in combat.
 b - a +5 flail of protection
 H - a +5 vampiric war axe (weapon)
 N - a +1 dire flail of draining
Missiles
 n - 7 tomahawks of returning (quivered)
Armour
 l - a +2 helmet (worn)
 p - +0 acid dragon scales
 y - a +5 scale mail of fire resistance (worn)
 I - the +0 ring mail "Cunes" {rN+ Dex+4}
   (You found it on level 8 of the Dungeon)

   It affects your dexterity (+4).
   It protects you from negative energy.
Jewellery
 e - an uncursed ring of ice
 h - a +5 ring of protection (right hand)
 j - an uncursed amulet of the acrobat
 m - an uncursed ring of ice
 t - a ring of see invisible (left hand)
 A - an amulet of faith (around neck)
 L - an uncursed ring of protection from magic
Wands
 f - a wand of disintegration (11)
 s - a wand of iceblast (41)
 v - a wand of scattershot (8)
 x - a wand of digging (32)
 z - a wand of flame (157)
 E - a wand of acid (8)
 F - a wand of paralysis (9)
 G - a wand of enslavement (31)
Scrolls
 d - 5 scrolls of teleportation
 q - 2 scrolls of blinking
 u - 9 scrolls of remove curse
 D - 2 scrolls of fear
 J - a scroll of fog
 K - 6 scrolls of identify
 M - a scroll of summoning
Potions
 g - a potion of magic
 k - a potion of haste
 o - 6 potions of curing
 r - 2 potions of cancellation
 w - 3 potions of resistance
 B - 2 potions of invisibility
Comestibles
 c - 40 rations
 i - 2 chunks of flesh


   Skills:
 + Level 12.2 Fighting
 * Level 13.9 Axes
 + Level 12.1 Armour
 * Level 12.8 Dodging
 + Level 11.9 Invocations


You had 15 spell levels left.
You didn't know any spells.
Your spell library contained the following spells:

 Spells                   Type           Power        Failure   Level  Hunger
 Magic Dart               Conj           #...         58%         1    ##.....
 Apportation              Tloc           #.....       58%         1    ##.....
 Conjure Flame            Conj/Fire      #.......     91%         3    ####...
 Slow                     Hex            #.......     73%         2    ###....
 Confuse                  Hex            #.......     91%         3    ####...
 Throw Frost              Conj/Ice       #.....       73%         2    ###....
 Mephitic Cloud           Conj/Pois/Air  #.......     91%         3    ####...
 Summon Small Mammal      Summ           #...         58%         1    ##.....
 Blink                    Tloc           N/A          73%         2    ###....
 Animate Dead             Necr           N/A          100%        4    #####..
 Animate Skeleton         Necr           N/A          58%         1    ##.....
 Freeze                   Ice            #...         58%         1    ##.....
 Summon Ice Beast         Ice/Summ       #.......     100%        4    #####..
 Ozocubu's Armour         Chrm/Ice       #.......     91%         3    ####...
 Call Imp                 Summ           #.......     73%         2    ###....
 Recall                   Summ/Tloc      N/A          91%         3    ####...
 Death Channel            Necr           #.........   100%        6    #######
 Throw Icicle             Conj/Ice       #.......     100%        4    #####..
 Confusing Touch          Hex            #.....       58%         1    ##.....
 Metabolic Englaciation   Hex/Ice        #.........   100%        5    ######.
 Simulacrum               Ice/Necr       #.........   100%        6    #######
 Petrify                  Tmut/Erth      #.......     100%        4    #####..
 Gell's Gravitas          Tloc           #.........   91%         3    ####...
 Yara's Violent Unravell  Hex/Tmut       #.........   100%        5    ######.
 Borgnjor's Vile Clutch   Necr/Erth      #.........   100%        5    ######.


Dungeon Overview and Level Annotations

Branches:
Dungeon (15/15)            Temple (1/1) D:6            Lair (6/6) D:8
  Swamp (0/4) Lair:3       Spider (1/4) Lair:2        Slime (0/5) Lair:6
    Orc (2/2) D:9             Elf (0/3) Orc:2        Vaults (0/5) D:14
 Depths (0/5) D:15

Altars:
Ashenzari
Cheibriados
Dithmenos
Elyvilon
Fedhas
Gozag
Hepliaklqana
Kikubaaqudgha
Makhleb
Nemelex Xobeh
Okawaru
Qazlal
Ru
Sif Muna
Trog
Uskayaw
Vehumet
Wu Jian
Xom
Yredelemnul
Zin
The Shining One
Beogh

Shops:
D:5 *   D:9 *[!   Orc:1 *   Orc:2 ?!

Annotations:
Lair:6 zard0z's ghost, journeyman MiBe
Orc:2 Saint Roka
Abyss:1 Rupert


Innate Abilities, Weirdness & Mutations

You are resistant to torment.
Your stone body is resilient. (AC +12)
You are immune to poison.
Your large and strong wings let you fly indefinitely.
You resist negative energy. (rN+)
You are resistant to electric shocks. (rElec)
You can survive without breathing.
You are immune to petrification.
You are immune to rotting.


Message History

You barely miss the orb spider.
The orb spider is moderately wounded.
You hit the emperor scorpion but do no damage.
The emperor scorpion stings you. The emperor scorpion claws you.
The emperor scorpion claws you but does no damage.
You hit the orb spider.
You feel better.
The orb spider is moderately wounded.
You hit the emperor scorpion.
The emperor scorpion stings you but does no damage.
The emperor scorpion completely misses you.
The emperor scorpion closely misses you.
You are feeling hungry.
The emperor scorpion stings you but does no damage.
The emperor scorpion misses you.
The emperor scorpion claws you but does no damage.
The orb spider weaves a glowing orb of energy.
An orb of destruction comes into view.
The orb of destruction hits you!
Ouch! That really hurt!
You die...

##..##...####..#
.
#.###.......#.#
.. ###
####......# ...
####.### ...
#####.## ....
#####...##.##
#...........##..
#......$......#
##..s§@....#.##
#^.§.....####
#.s.###### #####


You could see an emperor scorpion and an orb spider.

Vanquished Creatures
  Snorg (D:13)
  Josephine (D:11)
  The ghost of Venturno the Fighter, a journeyman DrVM of Sif Muna (D:9)
  Erolcha (Orc:1)
  2 hydras
  Fannar (D:11)
  2 vault guards (D:14)
  2 death knights (D:13)
  3 centaur warriors
  6 two-headed ogres
  5 death yaks
  An ogre mage (D:15)
  The ghost of Totori the Destroyer, a novice HuCj of Ashenzari (D:8)
  2 orc high priests (Orc:2)
  A tengu warrior (D:14)
  A soul eater (Orc:2)
  Sonja (D:15)
  Urug (D:12)
  A skeletal warrior (D:14)
  An unseen horror (D:15)
  A hell knight (Volcano)
  A wizard (D:14)
  A phantasmal warrior (D:14)
  2 necromancers
  A wolf spider zombie (D:13)
  2 deep elf magi
  2 orb spiders (Spider:1)
  2 wolf spiders
  5 ugly things (D:15)
  7 orc sorcerers
  2 cyclopes
  2 moths of wrath (Spider:1)
  The ghost of Gorice the Slicer, a novice DEWn (D:6)
  A manticore (D:15)
  2 centaur zombies
  A naga mage (D:15)
  Joseph (D:9)
  Maurice (D:9)
  6 elephants
  2 black mambas (Lair:5)
  3 gargoyles
  8 spiny frogs
  3 demonic crawlers (Spider:1)
  A freezing wraith (D:14)
  A redback zombie (D:15)
  6 komodo dragons
  2 rime drakes (Lair:4)
  A tengu conjurer (D:13)
  5 yaktaurs
  2 red devils (Orc:2)
  2 meliai
  6 trolls
  2 hornets
  2 polar bears
  A jumping spider (Spider:1)
  7 blink frogs
  A meliai zombie (D:15)
  12 hippogriffs
  4 slime creatures (Lair:6)
  2 dream sheep (D:8)
  A harpy skeleton (D:15)
  3 redbacks
  A shadow (D:13)
  5 wyverns
  4 wraiths
  4 hungry ghosts
  Grum (D:9)
  2 basilisks
  28 yaks
  21 humans (D:14)
  2 vampire mosquitoes
  4 wargs
  A steam dragon (D:8)
  Edmund (D:6)
  2 acid dragons (D:14)
  Duvessa (D:6)
  11 water moccasins
  9 porcupines
  An ice beast (D:7)
  44 orc warriors
  3 sky beasts
  A hornet zombie (D:14)
  2 necrophages (D:11)
  9 ogres
  3 black bears
  An ogre (shapeshifter) (D:15)
  2 phantoms
  31 wolves
  9 centaurs
  5 crocodiles
  4 big kobolds
  9 bullfrogs
  Dowan (D:6)
  A wyvern skeleton (D:13)
  2 scorpions (D:6)
  17 wights
  A vampire bat (D:8)
  An electric eel (Lair:3)
  The ghost of Gorice the Cutter, a weakling DEWn (D:3)
  4 crimson imps
  A bullfrog zombie (D:9)
  A quasit (D:13)
  10 jellies
  28 orc priests
  A bullfrog skeleton (D:5)
  7 centaur skeletons
  A gnoll shaman (D:7)
  5 hounds
  19 orc wizards
  Terence (D:3)
  8 worker ants
  2 iguanas
  A hound zombie (D:5)
  Robin (D:2)
  A worker ant zombie (D:5)
  12 adders
  6 gnolls
  4 shadow imps
  2 oozes
  An adder zombie (D:9)
  2 worms (D:2)
  3 dart slugs
  7 leopard geckos
  110 orcs
  A ball python (D:2)
  2 bat skeletons (D:8)
  4 bat zombies (D:8)
  6 giant cockroaches
  11 goblins
  9 hobgoblins
  8 jackals
  6 quokkas
  7 bats
  2 frilled lizards
  A jackal zombie (D:5)
  9 kobolds
  A leopard gecko skeleton (D:4)
  A quokka zombie (D:6)
  6 rats
  A fungus (Lair:5)
711 creatures vanquished.

Vanquished Creatures (others)
  An orc warlord (Orc:1)
  An ettin (Orc:2)
  2 hydras
  A death yak (Lair:5)
  An orc high priest (Orc:2)
  A sun demon (Orc:2)
  6 orc knights
  2 oklob plants (Lair:4)
  An ice devil (Orc:2)
  A meliai (D:14)
  A vampire mosquito (Lair:3)
  An ogre (D:9)
  A centaur (Volcano)
  An orc wizard (D:5)
  3 orcs
  13 fungi
  8 plants
45 creatures vanquished.

Grand Total: 756 creatures vanquished

Notes
Turn   | Place    | Note
-------+----------+-------------------------------------------
     0 | Abyss:1  | Borgoz the Gargoyle Abyssal Knight began the quest for the Orb.
     0 | Abyss:1  | Reached XP level 1. HP: 14/14 MP: 2/2
    47 | Abyss:1  | Noticed a worldbinder
    49 | D:1      | Escaped the Abyss
    75 | D:1      | Reached skill level 1 in Dodging
   341 | D:1      | Reached skill level 2 in Axes
   341 | D:1      | Reached XP level 2. HP: 18/19 MP: 3/3
   494 | D:1      | Reached * piety under Lugonu
   766 | D:2      | Reached XP level 3. HP: 22/23 MP: 4/4
   884 | D:2      | Found a faded altar of an unknown god.
   889 | D:2      | Noticed Robin
   899 | D:2      | Killed Robin
   899 | D:2      | Reached XP level 4. HP: 23/28 MP: 5/5
  1072 | D:2      | Found a blossoming altar of Fedhas.
  1253 | D:3      | Noticed Gorice's ghost (weakling DEWn)
  1266 | D:3      | Killed Gorice's ghost
  1266 | D:3      | Reached XP level 5. HP: 20/33 MP: 5/7
  1312 | D:3      | Noticed Terence
  1352 | D:3      | Killed Terence
  1390 | D:3      | Reached ** piety under Lugonu
  1392 | D:3      | Reached skill level 3 in Axes
  1443 | D:3      | Found a glowing silver altar of Zin.
  1696 | D:3      | Found a deep blue altar of Sif Muna.
  1696 | D:3      | Found a sacrificial altar of Ru.
  1807 | D:3      | Reached XP level 6. HP: 38/38 MP: 8/8
  1906 | D:4      | Found a shadowy altar of Dithmenos.
  2025 | D:4      | Found an opulent altar of Gozag.
  2111 | D:4      | You fall through a shaft!
  2111 | D:5      | Entered Level 5 of the Dungeon
  2298 | D:5      | Found Giklab's General Store.
  2322 | D:5      | Bought a potion of heal wounds for 50 gold pieces
  2388 | D:5      | Bought a scroll of remove curse for 30 gold pieces
  2522 | D:4      | Found a burning altar of Makhleb.
  2614 | D:4      | Reached XP level 7. HP: 44/44 MP: 9/9
  2854 | D:5      | Found a shimmering altar of Xom.
  3038 | D:5      | Reached skill level 4 in Axes
  3164 | D:5      | Reached *** piety under Lugonu
  4033 | D:6      | Noticed Gorice's ghost (novice DEWn)
  4392 | D:5      | Reached XP level 8. HP: 13/48 MP: 11/11
  4697 | D:6      | Noticed Duvessa
  4698 | D:6      | Noticed Dowan
  4706 | D:6      | Killed Duvessa
  4706 | D:6      | Reached skill level 5 in Fighting
  4717 | D:6      | Killed Dowan
  4717 | D:6      | Reached skill level 5 in Axes
  4948 | D:6      | Found a staircase to the Ecumenical Temple.
  5039 | Temple   | Entered the Ecumenical Temple
  5270 | D:6      | Noticed Edmund
  5288 | D:6      | Killed Edmund
  5697 | D:7      | Reached skill level 5 in Invocations
  5716 | D:7      | Reached skill level 5 in Armour
  5716 | D:7      | Reached XP level 9. HP: 55/55 MP: 12/12
  5763 | D:7      | Reached skill level 5 in Dodging
  5836 | D:7      | Reached skill level 6 in Axes
  5845 | D:7      | Reached **** piety under Lugonu
  6344 | D:6      | Killed Gorice's ghost
  6360 | D:8      | Noticed Totori's ghost (novice HuCj)
  6380 | D:8      | Killed Totori's ghost
  6568 | D:8      | Found a white marble altar of Elyvilon.
  6584 | D:8      | Found an iron altar of Okawaru.
  6597 | D:8      | Reached skill level 7 in Axes
  6597 | D:8      | Reached XP level 10. HP: 52/61 MP: 14/14
  6688 | D:8      | Noticed a two-headed ogre
  6696 | D:8      | Killed a two-headed ogre
  6780 | D:8      | Found a snail-covered altar of Cheibriados.
  6823 | D:8      | Found a shattered altar of Ashenzari.
  7135 | D:8      | Got an ichor-stained ring mail
  7148 | D:8      | Identified the cursed +0 ring mail "Cunes" {rN+ Dex+4} (You found it on level 8 of the Dungeon)
  7175 | D:8      | Reached ***** piety under Lugonu
  7261 | D:8      | Noticed a two-headed hydra
  7276 | D:8      | Killed a two-headed hydra
  7276 | D:8      | Reached skill level 8 in Axes
  7379 | D:8      | Reached XP level 11. HP: 55/67 MP: 16/16
  7634 | D:8      | Found a staircase to the Lair.
  7777 | D:8      | Found an ancient bone altar of Kikubaaqudgha.
  7951 | D:9      | Noticed Venturno's ghost (journeyman DrVM)
  8382 | Lair:1   | Entered Level 1 of the Lair of Beasts
  8896 | Lair:1   | You fall through a shaft!
  9522 | D:9      | Found a roughly hewn altar of Beogh.
  9522 | D:9      | Found a staircase to the Orcish Mines.
  9549 | D:9      | Found a shimmering altar of Xom.
  9550 | D:9      | Found a shimmering altar of Xom.
  9570 | D:9      | Found a shimmering altar of Xom.
  9571 | D:9      | Found a shimmering altar of Xom.
  9571 | D:9      | Found a shimmering altar of Xom.
  9572 | D:9      | Found a shimmering altar of Xom.
  9572 | D:9      | Found a shimmering altar of Xom.
  9575 | D:10     | Entered Level 10 of the Dungeon
  9606 | D:9      | Found Hoblowac's Armour Shop.
  9645 | D:9      | Killed Venturno's ghost
  9645 | D:9      | Reached skill level 9 in Axes
  9740 | D:9      | Found Kumer's Distillery.
  9744 | D:9      | Bought a potion of heal wounds for 55 gold pieces
  9744 | D:9      | Bought a potion of berserk rage for 55 gold pieces
  9752 | D:9      | Noticed Maurice
  9793 | D:9      | Killed Maurice
 10020 | D:9      | Noticed Grum
 10028 | D:9      | Killed Grum
 10058 | D:9      | Noticed Joseph
 10074 | D:9      | Killed Joseph
 10155 | D:9      | Noticed a two-headed ogre
 10160 | D:9      | Killed a two-headed ogre
 10181 | D:9      | Found Apnuuhak's General Store.
 10201 | D:9      | Bought a scroll of identify for 26 gold pieces
 10385 | D:9      | Got a transparent hand axe {speed}
 10386 | D:9      | Identified the cursed +0 hand axe of Doom {speed, *Noise rN+ Str+5} (You took it off an orc on level 9 of the Dungeon)
 10390 | D:9      | Found a radiant altar of Vehumet.
 10605 | D:9      | Noticed a cyclops
 11239 | D:10     | Got a crystal falchion {vamp}
 11323 | D:10     | Reached XP level 12. HP: 72/75 MP: 18/18
 12262 | D:11     | Found a shattered altar of Ashenzari.
 12424 | D:11     | Got a faintly glowing leather armour
 12429 | D:11     | Got a translucent rapier
 12458 | D:11     | Reached ****** piety under Lugonu
 12631 | D:11     | Noticed Josephine
 12648 | D:11     | Killed Josephine
 12650 | D:11     | Reached skill level 10 in Axes
 13138 | D:11     | Noticed Fannar
 13173 | D:9      | Noticed a shock serpent
 13353 | Lair:1   | Identified the +1 leather armour "Ytiev" {Dex+4} (You found it on level 11 of the Dungeon)
 13366 | Lair:1   | Identified the +8 rapier of the Abyss {pierce, *Corrode *Slow rC+++ Dex+10} (You found it on level 11 of the Dungeon)
 13753 | Lair:2   | Found a hole to the Spider Nest.
 13780 | Spider:1 | Entered Level 1 of the Spider Nest
 13866 | Spider:1 | Got a crude long sword
 14901 | Lair:2   | Identified the +7 falchion "Lash" {vamp, rN+++ Int-4 Dex+2} (You took it off an orc on level 10 of the Dungeon)
 14902 | Lair:2   | Identified the +6 long sword of Ciopeuwk {freeze, +Inv Stlth+} (You found it on level 1 of the Spider Nest)
 15151 | Lair:3   | Noticed a seven-headed hydra
 15406 | Lair:3   | Banished a seven-headed hydra
 15797 | Lair:3   | Reached XP level 13. HP: 26/80 MP: 19/19
 16611 | Lair:3   | Found a staircase to the Swamp.
 17445 | Lair:3   | Reached skill level 11 in Axes
 17445 | Lair:3   | Reached skill level 10 in Dodging
 18673 | Lair:5   | Found a dark tunnel.
 18761 | Volcano  | Entered a volcano
 19026 | Volcano  | Reached skill level 10 in Fighting
 20447 | Orc:1    | Entered Level 1 of the Orcish Mines
 21037 | D:9      | Reached skill level 10 in Armour
 21197 | Orc:1    | Paralysed by an orc sorcerer for 3 turns
 21344 | Orc:1    | Noticed an orc warlord
 21362 | Orc:1    | Banished an orc warlord
 21533 | Orc:2    | Entered Level 2 of the Orcish Mines
 21562 | Orc:1    | Reached skill level 10 in Invocations
 21571 | Orc:2    | Noticed an ettin
 21604 | Orc:2    | Banished an ettin
 21994 | Orc:2    | Found a staircase to the Elven Halls.
 22024 | Orc:1    | Found Wemuiqur's General Store.
 22031 | Orc:1    | Bought a potion of might for 64 gold pieces
 22031 | Orc:1    | Bought a potion of curing for 48 gold pieces
 22072 | Orc:1    | Noticed Erolcha
 22079 | Orc:1    | Killed Erolcha
 22765 | Orc:2    | Gained mutation: Your large and strong wings let you fly indefinitely. [Gargoyle growth]
 22765 | Orc:2    | Reached XP level 14. HP: 63/88 MP: 21/21
 22781 | Orc:2    | Noticed Saint Roka
 24041 | D:9      | Noticed a juggernaut
 24041 | D:9      | Noticed a storm dragon
 24042 | D:9      | a storm dragon changed into a minotaur
 24129 | D:11     | Killed Fannar
 24594 | D:12     | Noticed Urug
 24642 | D:12     | Killed Urug
 25008 | D:12     | Noticed Rupert
 25011 | D:12     | Paralysed by Rupert for 2 turns
 25540 | D:9      | Bought a scroll of teleportation for 39 gold pieces
 25574 | D:9      | Bought a potion of curing for 33 gold pieces
 25574 | D:9      | Bought a potion of haste for 110 gold pieces
 25574 | D:9      | Bought a potion of haste for 110 gold pieces
 25574 | D:9      | Bought 2 potions of might for 88 gold pieces
 26141 | Lair:4   | Reached skill level 12 in Axes
 26678 | Lair:6   | Entered Level 6 of the Lair of Beasts
 27381 | Lair:6   | Noticed zard0z's ghost (journeyman MiBe)
 28281 | Lair:6   | Found a staircase to the Slime Pits.
 31334 | Orc:2    | Found Kuelesk's Magic Scroll Boutique.
 32955 | Orc:2    | Found Udwyariy's Distillery.
 33386 | Orc:2    | Bought a potion of heal wounds for 75 gold pieces
 33386 | Orc:2    | Bought a potion of berserk rage for 75 gold pieces
 33388 | Orc:2    | Bought a scroll of blinking for 105 gold pieces
 33410 | Orc:2    | Paralysed by an orc sorcerer for 4 turns
 33426 | Orc:2    | Paralysed by an orc sorcerer for 3 turns
 35026 | D:12     | Found a roughly hewn altar of Beogh.
 35973 | D:12     | Banished Rupert
 35973 | D:12     | Reached XP level 15. HP: 92/95 MP: 18/23
 36585 | D:13     | Noticed Snorg
 36610 | D:13     | Killed Snorg
 37827 | D:14     | Reached skill level 13 in Axes
 38251 | D:14     | Got an ancient ring mail
 38254 | D:14     | Identified the cursed +0 ring mail of Vego {rElec Str-5 Int+8} (You found it on level 14 of the Dungeon)
 38262 | D:14     | Found a gate to the Vaults.
 38474 | D:15     | Entered Level 15 of the Dungeon
 38941 | D:15     | Noticed Sonja
 38956 | D:15     | Killed Sonja
 39950 | D:15     | Found a staircase to the Depths.
 40169 | D:15     | Found an iron altar of Okawaru.
 40673 | D:9      | Noticed an emperor scorpion
 40673 | D:9      | a minotaur changed into an emperor scorpion
 41221 | Spider:1 | Reached XP level 16. HP: 101/101 MP: 24/24
 41407 | Spider:1 | Blown up by an orb spider

Vault maps used:
D:1:      onia_arrival_pentagram
D:2:      lemuel_crystal_altar, chequers_ecumenical_altar_simple,
          serial_bayou_ford_a, uniq_robin
D:3:      lemuel_coloured_pillars_altar, gammafunk_temple_overflow_elements,
          uniq_terence
D:4:      grunt_gozag_breadcrumbs, nicolae_overflow_crystal_walls, first_ration,
          grunt_dithmenos_smoke
D:5:      basic_altar, serial_shops, shop
D:6:      minmay_temple_entry_poolview, uniq_duvessa, uniq_edmund
D:8:      cheibriados_altar_1, elyvilon_altar_5, kennysheep_vampire_church,
          lemuel_crystal_altar, erik_lair_dragon, basic_altar, hangedman_ranch,
          minivault_26
D:9:      xom_shifter_show, lemuel_doored_altar, david_orc_5, serial_shops,
          shop, shop_fountains, nicolae_shop_stone, uniq_grum, uniq_maurice,
          uniq_joseph
D:10:     grunt_ministairs_7, evilmike_surprise_oklob
D:11:     evilmike_ruin_ashenzari, uniq_fannar, uniq_josephine
D:12:     special_room, uniq_urug, uniq_rupert
D:13:     uniq_snorg
D:14:     grunt_vaults_entry_tiered, serial_park_avenue1
D:15:     grunt_enter_depths_magical_seal, hangedman_decor_diamond_cutter,
          okawaru_ov_weapons_minmay, uniq_sonja
Temple:   compressed_dpeg_triangle_lava_temple
Lair:1:   lemuel_fruit_tree
Lair:2:   spider_nest_entry_webs, serial_bayou_shore_a
Lair:3:   minmay_swamp_entry_swarm, infiniplex_staircase_pool,
          serial_bayou_shore_b
Lair:4:   minmay_lair_oklob_chamber
Lair:5:   enter_volcano_2
Lair:6:   grunt_lair_end_beastmaster, minmay_slime_entry_pillars
Spider:1: nicolae_spider_circle_web, nicolae_spider_webs_and_nodes
Orc:1:    serial_shops, shop, uniq_erolcha
Orc:2:    pf_orc_diabolical, uniq_saint_roka
Volcano:  volcano_pools

Skill      XL: |  1  2  3  4  5  6  7  8  9 10 11 12 13 14 15 |
---------------+----------------------------------------------+-----
Dodging        | 1 2 3 4 6 7 8 9 10 11 12 | 12.8
Axes           | 2 3 4 5 7 8 9 10 11 12 13 | 13.9
Invocations    | 3 4 5 6 7 8 9 10 11 | 11.9
Armour         | 3 4 5 6 7 8 9 10 11 12 | 12.1
Fighting       | 4 5 6 7 8 9 10 11 12 | 12.2

Action                   |  1- 3 |  4- 6 |  7- 9 | 10-12 | 13-15 | 16-18 || total
-------------------------+-------+-------+-------+-------+-------+-------++-------
Melee: Hand axe          |    85 |   207 |   104 |   812 |  2601 |       ||  3809
       Battleaxe         |       |       |   187 |   337 |       |       ||   524
       Flail             |       |       |       |    15 |    12 |       ||    27
       War axe           |       |       |       |       |   822 |    20 ||   842
Invok: Depart the Abyss  |     1 |       |       |       |       |       ||     1
       Banish            |       |       |       |     4 |    36 |       ||    40
       Bend Space        |       |       |       |       |    10 |       ||    10
Evoke: Wand              |       |       |     2 |     1 |    13 |       ||    16
  Use: Potion            |       |     6 |     2 |     7 |    21 |       ||    36
       Scroll            |       |     9 |     3 |    14 |    20 |       ||    46
 Stab: Invisible         |       |     4 |       |       |    14 |       ||    18
       Confused          |       |       |       |     2 |       |       ||     2
  Eat: Chunk             |       |     5 |    12 |    26 |    61 |     1 ||   105
       Ration            |       |       |       |     5 |    12 |       ||    17
Armor: Leather armour    |    51 |    94 |   107 |       |       |       ||   252
       Chain mail        |       |       |    82 |    83 |       |       ||   165
       Skin              |       |       |     7 |    19 |       |       ||    26
       Ring mail         |       |       |       |   462 |   619 |       ||  1081
       Scale mail        |       |       |       |       |   624 |    20 ||   644
Dodge: Dodged            |    63 |   163 |   190 |   863 |  2045 |    16 ||  3340

Table legend:
 A = Spawn XP
 B = Non-spawn XP
 C = Spawn XP percentage of total XP
 D = Spawn monster count
 E = Non-spawn monster count
 F = Spawn count percentage of total count
 G = Total turns spent on level
                    A         B        C        D         E        F      G
               +---------+---------+-------+---------+---------+-------+---------
         Total |       0 |  125840 |   0.0 |       0 |     731 |   0.0 | 41407
               +---------+---------+-------+---------+---------+-------+---------
           D:1 |       0 |      27 |   0.0 |       0 |      14 |   0.0 |   712
           D:2 |       0 |      86 |   0.0 |       0 |      26 |   0.0 |   492
           D:3 |       0 |     210 |   0.0 |       0 |      29 |   0.0 |   622
           D:4 |       0 |      88 |   0.0 |       0 |      12 |   0.0 |   639
           D:5 |       0 |     723 |   0.0 |       0 |      25 |   0.0 |  2050
           D:6 |       0 |    1508 |   0.0 |       0 |      25 |   0.0 |  1213
           D:7 |       0 |    1046 |   0.0 |       0 |      19 |   0.0 |   696
           D:8 |       0 |    6558 |   0.0 |       0 |      41 |   0.0 |  2840
           D:9 |       0 |    5983 |   0.0 |       0 |      51 |   0.0 |  2076
          D:10 |       0 |    2535 |   0.0 |       0 |      27 |   0.0 |  1328
          D:11 |       0 |    5807 |   0.0 |       0 |      31 |   0.0 |  1991
          D:12 |       0 |    3638 |   0.0 |       0 |      24 |   0.0 |  1132
          D:13 |       0 |    9403 |   0.0 |       0 |      51 |   0.0 |  1380
          D:14 |       0 |   12909 |   0.0 |       0 |      39 |   0.0 |  2336
          D:15 |       0 |   16612 |   0.0 |       0 |      48 |   0.0 |  1124
        Lair:1 |       0 |    2405 |   0.0 |       0 |      12 |   0.0 |  1571
        Lair:2 |       0 |    3444 |   0.0 |       0 |      17 |   0.0 |  1965
        Lair:3 |       0 |    5753 |   0.0 |       0 |      20 |   0.0 |  2213
        Lair:4 |       0 |    6493 |   0.0 |       0 |      18 |   0.0 |  2129
        Lair:5 |       0 |    9415 |   0.0 |       0 |      35 |   0.0 |  3308
        Lair:6 |       0 |    4519 |   0.0 |       0 |      22 |   0.0 |  1053
      Spider:1 |       0 |    4337 |   0.0 |       0 |      10 |   0.0 |   700
         Orc:1 |       0 |    8189 |   0.0 |       0 |      50 |   0.0 |  3573
         Orc:2 |       0 |   11904 |   0.0 |       0 |      79 |   0.0 |  3771
       Volcano |       0 |    2248 |   0.0 |       0 |       6 |   0.0 |   337
               +---------+---------+-------+---------+---------+-------+---------
